AoeStats
← Matutinus

Arabia

509385913Analyzed
1v1 RM · 5d ago on Sep 26, 2026· 38m 13s· 2 players
Game mode
Random Map
Map size
Tiny (2 player)
Population
200
Speed
Normal
Resources
Standard
Victory
Conquest
Starting age
Dark Age
Ending age
Imperial Age
RankedLock teamsTeams togetherTeam positionsShared explorationLock speedFull tech treeHidden civsTurbo modeCheats
Victory
Defeat
🇨🇦 Persians · Canada
1399
+14
🇨🇳 Italians · China
1350
-14
七里风车田
5:53 Loom
8:59 Feudal Age
15:26 Fletching
23:01 Castle Age
22:41 Padded Archer Armor
23:03 Crossbowman
24:11 Bodkin Arrow
Matutinus
6:18 Loom
8:24 Feudal Age
9:26 Double-Bit Axe
9:28 Horse Collar
20:04 Castle Age
18:51 Bloodlines
19:15 Forging
19:45 Scale Barding Armor
21:28 Wheelbarrow
24:15 Gold Mining
26:01 Husbandry
27:01 Chain Barding Armor
28:53 Gold Shaft Mining
29:53 Hand Cart
30:01 Bow Saw
31:54 Town Watch
32:50 Fletching
33:01 Padded Archer Armor
37:19 Imperial Age
36:06 Town Patrol
37:15 Kamandaran
36:51 Crossbowman
37:40 Cavalier
Connection lost

Rejoining the realm…

Still unreachable

The connection could not be restored.

Session expired

The server has moved on; the page needs a fresh start.